 Dungeon Crawl Stone Soup version 0.27-a0-1184-ge86db4a01e (webtiles) character file.

Game seed: 6135745302130953728

259 porpoise the Conjurer (level 6, -5/36 HPs)
             Began as an Octopode Conjurer on May 19, 2021.
             Was an Initiate of Vehumet.
             Slain by an iguana (11 damage)
             ... on level 3 of the Dungeon.
             The game lasted 00:10:04 (4167 turns).

porpoise the Conjurer (Octopode Conjurer)           Turns: 4167, Time: 00:10:04

Health: -5/36      AC:  1    Str:  7    XL:     6   Next: 17%
Magic:  11/11      EV: 13    Int: 22    God:    Vehumet [......]
Gold:   144        SH:  0    Dex: 10    Spells: 9/12 levels left

rFire    . . .     SeeInvis .   a - +3 dagger (elec)
rCold    . . .     Faith    .   (no shield)
rNeg     . . .     Spirit   .   (helmet restricted)
rPois    .         Reflect  .   (no amulet)
rElec    .         Harm     .   (no ring)
rCorr    .         Rampage  .   (no ring)
Will     .....                  (no ring)
Stlth    +++.......             (no ring)
HPRegen  0.12/turn              (no ring)
MPRegen  0.12/turn              (no ring)
                                (no ring)
                                (no ring)

@: no status effects
A: almost no armour, amphibious, 8 rings, camouflage 1, gelatinous body 1,
(nimble swimmer 1), tentacles
a: Renounce Religion


You were on level 3 of the Dungeon.
You worshipped Vehumet.
Vehumet was noncommittal.
You visited 1 branch of the dungeon, and saw 4 of its levels.

You collected 144 gold pieces.

Inventory:

Hand Weapons
 a - a +3 dagger of electrocution (weapon)
Missiles
 d - 8 javelins (quivered)
 e - 142 stones
 g - 36 bolts
 n - 3 boomerangs
Armour
 c - a +0 buckler
Scrolls
 b - a scroll of fear {unknown}
 f - a scroll of holy word {unknown}
 i - a scroll of acquirement {unknown}
 k - a scroll of teleportation {unknown}
 l - 2 scrolls of identify {unknown}
Potions
 h - 2 potions of degeneration {unknown}
 j - a potion of berserk rage {unknown}
 m - 3 potions of curing {unknown}


   Skills:
 - Level 2.0 Dodging
 + Level 4.6 Stealth
 * Level 3.9 Spellcasting
 * Level 5.5 Conjurations


You had 9 spell levels left.
You knew the following spells:

 Your Spells              Type           Power      Damage    Failure   Level
a - Magic Dart            Conj           100%       1d8       1%          1
b - Searing Ray           Conj           56%        3d5       1%          2

Your spell library contained the following spells:

 Spells                   Type           Power      Damage    Failure   Level
 Conjure Flame            Conj/Fire      16%        6-21      11%         3
 Dazzling Flash           Conj/Hex       32%        N/A       11%         3
 Corona                   Hex            4%         N/A       12%         1
 Mephitic Cloud           Conj/Pois/Air  12%        N/A       16%         3
 Blink                    Tloc           N/A        N/A       17%         2
 Call Imp                 Summ           4%         N/A       17%         2
 Slow                     Hex            4%         N/A       17%         2
 Inner Flame              Hex/Fire       4%         N/A       34%         3
 Portal Projectile        Hex/Tloc       8%         N/A       34%         3
 Fulminant Prism          Conj/Hex       8%         3d7       36%         4
 Iskenderun's Mystic Bla  Conj/Tloc      16%        2d5       36%         4
 Cause Fear               Hex            2%         N/A       75%         4
 Leda's Liquefaction      Hex/Erth       2%         N/A       75%         4


Dungeon Overview and Level Annotations

Branches:
Dungeon (4/15)
 Temple: D:4-7

Altars:
Trog
Vehumet

Shops:
D:3 [(

Annotations:
D:4 Natasha


Innate Abilities, Weirdness & Mutations

You cannot wear most types of armour.
You are amphibious.
You can wear up to eight rings at the same time.
Your skin changes colour to match your surroundings (Stealth+).
Your rubbery body absorbs attacks. (AC +1, EV +1)
((You are camouflaged near water. (Stealth+)))
You have tentacles for arms and can constrict up to eight enemies at once.


Message History

Confirm with . or Enter, or press ? or * to list all spells.
Aiming: Searing Ray (safe; 1% risk of failure)
Press: ? - help, Shift-Dir - straight line, f - adder
Aim: an adder (66% to hit)
The searing ray hits the adder!
The adder is almost dead. (Press . to maintain the ray.)
The adder misses you. The adder bites you.
You are poisoned.
The adder poisons you!
The searing ray misses the adder.
You feel sick. The adder bites you.
You are more poisoned.
The adder poisons you!
The searing ray hits the adder!
You kill the adder!
Vehumet accepts your kill.
You feel sick.
You start resting.
You feel sick. x6
You are no longer poisoned.
You start resting.
Magic restored.
You start resting.
HP restored.
You climb downwards.
Level annotation: Natasha A jackal comes into view.
The iguana bites you! The goblin hits you with a +0 club.
The iguana closely misses you. The iguana misses you.
There is a stone staircase leading up, spattered with blood here.
The goblin misses you. The iguana bites you. The iguana completely misses you.
You climb upwards.
There is a stone staircase leading down here.
Unknown command.
The iguana bites you!
* * * LOW HITPOINT WARNING * * *
The goblin hits you with a +0 club.
* * * LOW HITPOINT WARNING * * *
You see here an adder corpse.
The iguana bites you!
You die...

#.# #.# #.# #.# ########.#
#........####
#.#####.....#########
#.##......gl>.......#
#.##.##...@l#######.#
######.#...##.#### #.#
#..........##.# #.#
#.####........# #.#
#.###########'## #.#
#.........##...## ##.####
#.#######.#.....## #.....####
#.#.### #........## ##..#.....#
##.....###.........####...#..##.#


You could see 2 iguanas and a goblin.

Vanquished Creatures
  An ogre (D:4)
  Crazy Yiuf (D:2)
  Terence (D:2)
  7 adders
  5 orcs (D:3)
  4 endoplasms
  A giant cockroach (D:3)
  8 goblins
  4 hobgoblins
  2 jackals (D:3)
  5 quokkas
  2 ball pythons
  8 bats
  2 frilled lizards
  2 kobolds
  4 rats
57 creatures vanquished.

Notes
Turn   | Place    | Note
-------+----------+-------------------------------------------
     0 | D:1      | porpoise the Octopode Conjurer began the quest for the Orb.
     0 | D:1      | Reached XP level 1. HP: 11/11 MP: 3/3
   205 | D:1      | Reached XP level 2. HP: 17/17 MP: 1/5
   265 | D:1      | Found a faded altar of an unknown god.
   931 | D:1      | Found a bloodstained altar of Trog.
  1110 | D:2      | Learned a level 2 spell: Searing Ray
  1130 | D:2      | You fall into a shaft and drop 1 floor!
  1209 | D:3      | Reached XP level 3. HP: 21/21 MP: 3/6
  1398 | D:3      | Found Maisumiq's Armour Shoppe.
  1842 | D:3      | Found Liaseina's Weapon Shop.
  2411 | D:2      | Reached XP level 4. HP: 27/27 MP: 2/8
  2776 | D:2      | Noticed Terence
  2777 | D:2      | Found a radiant altar of Vehumet.
  2781 | D:2      | Killed Terence
  2844 | D:2      | Became a worshipper of Vehumet
  2928 | D:2      | Reached XP level 5. HP: 25/31 MP: 3/9
  3054 | D:2      | Reached skill level 5 in Conjurations
  3191 | D:2      | Found a runed translucent door.
  3192 | D:2      | Noticed Crazy Yiuf
  3198 | D:2      | Killed Crazy Yiuf
  3968 | D:4      | Noticed an ogre
  3972 | D:4      | Killed an ogre
  3973 | D:4      | Reached XP level 6. HP: 36/36 MP: 5/11
  3973 | D:4      | Noticed Natasha
  4167 | D:3      | Slain by an iguana

Illustrated notes

Levels and vault maps discovered:
D:1:      dpeg_arrival_lava_altar, layout_basic,
          shapermc_ecumenical_altar_mp_vishouse, glass_columns_a,
          chequers_serial_rivers_micro_d
D:2:      kennysheep_big_flooded_room, layout_loops_ring, basic_altar,
          uniq_terence, uniq_crazy_yiuf_cottage
D:3:      layout_loops_corners, serial_shops, nicolae_shop_trees,
          nicolae_shop_trees, amcnicky_mini_corridor_feature
D:4:      layout_basic, temple_statues, gammafunk_ghost_necromancy,
          kennysheep_crisscross, uniq_natasha

Skill      XL: |  1  2  3  4  5 |
---------------+----------------+-----
Stealth        | 3 4 |  4.6
Spellcasting   | 3 |  3.9
Conjurations   | 5 |  5.5
Dodging        | |  2.0

Action                   |  1- 3 |  4- 6 || total
-------------------------+-------+-------++-------
Melee: Dagger            |     2 |     6 ||     8
       Constrict         |       |     1 ||     1
Throw: Javelin           |       |     3 ||     3
 Cast: Magic Dart        |    38 |    12 ||    50
       Searing Ray       |    11 |    13 ||    24
Armor: Skin              |     2 |     1 ||     3
Dodge: Dodged            |     3 |    12 ||    15

Table legend: (Time is in decaauts)
 A = Elapsed time spent in this place.
 B = Non-inter-level travel time spent in this place.
 C = Inter-level travel time spent in this place.
 D = Time resting spent in this place.
 E = Time spent auto-exploring this place.
 F = Levels seen in this place.
 G = Mean time per level.
                   A        B        C        D        E       F      G
               +--------+--------+--------+--------+--------+-----+--------+
         Total |   4168 |   4022 |    146 |   1731 |   1934 |   4 | 1042.0 |
       Dungeon |   4168 |   4022 |    146 |   1731 |   1934 |   4 | 1042.0 |
               +--------+--------+--------+--------+--------+-----+--------+

Top non-repeatable levels by time:
     D:2: 1831 daAuts
     D:3: 1356 daAuts
     D:1: 969 daAuts
     D:4: 10 daAuts
